APP
GREAT FALLS VOYAGERS @ OREM OWLZ
10/17/2049
 
TOP OF THE 1ST
Great Falls Voyagers batting - Pitching for Oakland (APP) Athletics : RHP Chris Spice
Pitching: RHP Chris Spice
Batting: RHB C.J. Chandler 0-0: Foul Ball, location: 2F
0-1: Ball
1-1: Ball
2-1: Ground out 5-3 (Groundball, 56S, EV 82.5 MPH)
Batting: RHB Bobby Trosclair 0-0: Called Strike
0-1: Ball
1-1: Swinging Strike
1-2: Ball
2-2: Ground out 6-3 (Groundball, 6, EV 82.5 MPH)
Batting: RHB David Torres 0-0: Ball
1-0: Ball
2-0: Called Strike
2-1: SINGLE (Groundball, 4MD, EV 95.0 MPH)
Batting: LHB Luis Flores 0-0: Ball
1-0: Called Strike
1-1: Ball
2-1: Ball
3-1: Fly out, F6 (Line Drive, 6, EV 65.0 MPH)
Top of the 1st over - 0 runs, 1 hit, 0 errors, 1 left on base; Great Falls 0 - Oakland (APP) 0
BOTTOM OF THE 1ST
Oakland (APP) Athletics batting - Pitching for Great Falls Voyagers : RHP Roberto Garza
Pitching: RHP Roberto Garza
Batting: LHB Harry Street 0-0: Foul Ball, location: 2F
0-1: Ground out 4-3 (Groundball, 34, EV 91.3 MPH)
Batting: LHB Koson Hirai 0-0: Ball
1-0: Called Strike
1-1: Foul Ball, location: 2F
1-2: SINGLE (Line Drive, 8LS, EV 88.1 MPH)
Batting: LHB Dave Talbert 0-0: Ball
1-0: Swinging Strike
1-1: 2-RUN HOME RUN (Flyball, 89XD, EV 99.4 MPH), Distance : 439 ft
Batting: RHB Stu Rancourt 0-0: Called Strike
0-1: Foul Ball, location: 2F
0-2: Strikes out swinging
Batting: LHB Yoshinari Nara 0-0: Called Strike
0-1: Foul Ball, location: 2F
0-2: Ball
1-2: Strikes out swinging
Bottom of the 1st over - 2 runs, 2 hits, 0 errors, 0 left on base; Great Falls 0 - Oakland (APP) 2
TOP OF THE 2ND
Great Falls Voyagers batting - Pitching for Oakland (APP) Athletics : RHP Chris Spice
Batting: SHB Eduardo Monzon 0-0: Ball
1-0: Ball
2-0: Ball
3-0: Called Strike
3-1: Base on Balls
Batting: LHB Adrian Cruz 0-0: Ball
1-0: Swinging Strike
1-1: Foul Ball, location: 2F
1-2: Ball
2-2: Strikes out swinging
Batting: RHB Brian Harris 0-0: Ball
Wild Pitch!
Eduardo Monzon to second
1-0: Reached on error, E6 (Groundball, 6, EV 88.8 MPH)
Eduardo Monzon to third
Batting: RHB Orlando Blanco 0-0: Foul Ball, location: 2F
0-1: Ball
1-1: Swinging Strike
1-2: Ball
2-2: Foul Ball, location: 2F
2-2: Strikes out swinging
Batting: RHB Brian Marut 0-0: Swinging Strike
0-1: Ball
1-1: SINGLE (Groundball, 34D, EV 106.9 MPH)
Eduardo Monzon scores
Brian Harris to second
Runner from 2nd tries for 3rd, OUT! 9-5
Top of the 2nd over - 1 run, 1 hit, 1 error, 1 left on base; Great Falls 1 - Oakland (APP) 2
BOTTOM OF THE 2ND
Oakland (APP) Athletics batting - Pitching for Great Falls Voyagers : RHP Roberto Garza
Batting: RHB Javier Garcia 0-0: Called Strike
0-1: Ball
1-1: Ball
2-1: Called Strike
2-2: DOUBLE (Groundball, 3L, EV 105.0 MPH)
Batting: LHB Clyde Saxton 0-0: Ball
1-0: Called Strike
1-1: Ball
2-1: Ball
3-1: Base on Balls
Batting: RHB Omar Quintana 0-0: Ball
1-0: Foul Ball, location: 2F
1-1: Swinging Strike
1-2: Foul Ball, location: 2F
1-2: Ball
2-2: Ball
3-2: Fly out, F8 (Flyball, 8LM, EV 84.4 MPH)
Batting: LHB Robert Ibarra 0-0: Ball
1-0: Fly out, F9 (Flyball, 9S, EV 83.1 MPH)
Batting: LHB Harry Street 0-0: Called Strike
0-1: Swinging Strike
0-2: Fly out, F9 (Flyball, 9S, EV 93.8 MPH)
Bottom of the 2nd over - 0 runs, 1 hit, 0 errors, 2 left on base; Great Falls 1 - Oakland (APP) 2
TOP OF THE 3RD
Great Falls Voyagers batting - Pitching for Oakland (APP) Athletics : RHP Chris Spice
Batting: RHB C.J. Chandler 0-0: Called Strike
0-1: Fly out, F8 (Flyball, 8LS, EV 88.8 MPH)
Batting: RHB Bobby Trosclair 0-0: Ball
1-0: DOUBLE (Line Drive, 7LM, EV 100.6 MPH)
Batting: RHB David Torres 0-0: Called Strike
0-1: Ball
1-1: Ball
2-1: Called Strike
2-2: Ball
3-2: Ground out 6-3 (Groundball, 6, EV 82.5 MPH)
Bobby Trosclair to third
Batting: LHB Luis Flores 0-0: Called Strike
0-1: Swinging Strike
0-2: Ball
1-2: Strikes out swinging
Top of the 3rd over - 0 runs, 1 hit, 0 errors, 1 left on base; Great Falls 1 - Oakland (APP) 2
BOTTOM OF THE 3RD
Oakland (APP) Athletics batting - Pitching for Great Falls Voyagers : RHP Roberto Garza
Batting: LHB Koson Hirai 0-0: DOUBLE (Line Drive, 7LM, EV 93.1 MPH)
Batting: LHB Dave Talbert 0-0: Ball
Koson Hirai steals 3rd base (no throw)
1-0: Swinging Strike
1-1: Foul Ball, location: 2F
1-2: Foul Ball, location: 2F
1-2: Strikes out swinging
Batting: RHB Stu Rancourt 0-0: Ball
1-0: Ball
2-0: Swinging Strike
2-1: Called Strike
2-2: Ball
3-2: Base on Balls
Batting: LHB Yoshinari Nara 0-0: Ball
Stu Rancourt is caught stealing 2nd base 2-6
1-0: Foul Ball, location: 2F
1-1: Foul Ball, location: 2F
1-2: Strikes out swinging
Bottom of the 3rd over - 0 runs, 1 hit, 0 errors, 1 left on base; Great Falls 1 - Oakland (APP) 2
TOP OF THE 4TH
Great Falls Voyagers batting - Pitching for Oakland (APP) Athletics : RHP Chris Spice
Batting: SHB Eduardo Monzon 0-0: Ball
1-0: Called Strike
1-1: Ball
2-1: Swinging Strike
2-2: Ball
3-2: Foul Ball, location: 2F
3-2: Ground out 1-3 (Groundball, 13S, EV 61.3 MPH)
Batting: LHB Adrian Cruz 0-0: SOLO HOME RUN (Flyball, 7D, EV 92.5 MPH), Distance : 381 ft
Batting: RHB Brian Harris 0-0: Called Strike
0-1: Ball
1-1: Ball
2-1: Called Strike
2-2: SINGLE (Line Drive, 34D, EV 106.9 MPH)
Batting: RHB Orlando Blanco 0-0: Called Strike
0-1: Foul Ball, location: 2F
0-2: Fielders Choice at 2nd, 1-4 (Groundball, 15S, EV 66.9 MPH)
Batting: RHB Brian Marut 0-0: Ball
1-0: Foul Ball, location: 2F
1-1: Ball
2-1: Foul Ball, location: 2F
2-2: Ground out U3 (Groundball, 3, EV 108.8 MPH)
Top of the 4th over - 1 run, 2 hits, 0 errors, 1 left on base; Great Falls 2 - Oakland (APP) 2
BOTTOM OF THE 4TH
Oakland (APP) Athletics batting - Pitching for Great Falls Voyagers : RHP Roberto Garza
Batting: RHB Javier Garcia 0-0: Ball
1-0: Called Strike
1-1: Called Strike
1-2: Ground out 5-3 (Groundball, 56, EV 84.4 MPH)
Batting: LHB Clyde Saxton 0-0: Ball
1-0: Foul Ball, location: 2F
1-1: Ball
2-1: Fly out, F7 (Flyball, 7D, EV 101.3 MPH)
Batting: RHB Omar Quintana 0-0: Ball
1-0: Ground out 6-3 (Groundball, 6M, EV 91.9 MPH)
Bottom of the 4th over - 0 runs, 0 hits, 0 errors, 0 left on base; Great Falls 2 - Oakland (APP) 2
TOP OF THE 5TH
Great Falls Voyagers batting - Pitching for Oakland (APP) Athletics : RHP Chris Spice
Batting: RHB C.J. Chandler 0-0: Ball
1-0: Ball
2-0: Foul Ball, location: 2F
2-1: Called Strike
2-2: Ball
3-2: Strikes out swinging
Batting: RHB Bobby Trosclair 0-0: Called Strike
0-1: Fly out, F8 (Line Drive, 8RD, EV 86.9 MPH)
Batting: RHB David Torres 0-0: Called Strike
0-1: Ball
1-1: Ball
2-1: Ball
3-1: SINGLE (Line Drive, 6D, EV 97.5 MPH)
Batting: LHB Luis Flores 0-0: Foul Ball, location: 2F
0-1: Fielders Choice at 2nd, 5-4 (Groundball, 56, EV 96.9 MPH)
Top of the 5th over - 0 runs, 1 hit, 0 errors, 1 left on base; Great Falls 2 - Oakland (APP) 2
BOTTOM OF THE 5TH
Oakland (APP) Athletics batting - Pitching for Great Falls Voyagers : RHP Roberto Garza
Batting: LHB Robert Ibarra 0-0: Ball
1-0: Called Strike
1-1: Ball
2-1: Ball
3-1: Base on Balls
Batting: LHB Harry Street 0-0: Foul Ball, location: 2F
0-1: 2-RUN HOME RUN (Flyball, 9D, EV 104.4 MPH), Distance : 361 ft
Batting: LHB Koson Hirai 0-0: Called Strike
0-1: Ball
1-1: Swinging Strike
1-2: Ball
2-2: SINGLE (Groundball, 34D, EV 95.0 MPH)
Pitching: LHP Mark Boyd
Batting: LHB Dave Talbert 0-0: SINGLE (Groundball, 6D, EV 98.1 MPH)
Koson Hirai to second
Batting: RHB Stu Rancourt 0-0: Foul Ball, location: 2F
0-1: Ball
1-1: Foul Ball, location: 2F
1-2: Foul Ball, location: 2F
1-2: Fielders Choice at 2nd, 5-4 (Groundball, 5S, EV 86.9 MPH)
Koson Hirai to third
Batting: LHB Yoshinari Nara 0-0: Ball
1-0: Ball
2-0: Called Strike
Stu Rancourt is caught stealing 2nd base 2-6
2-1: Ball
3-1: Foul Ball, location: 2F
3-2: Ground out 4-3 (Groundball, 4, EV 80.6 MPH)
Bottom of the 5th over - 2 runs, 3 hits, 0 errors, 1 left on base; Great Falls 2 - Oakland (APP) 4
TOP OF THE 6TH
Great Falls Voyagers batting - Pitching for Oakland (APP) Athletics : RHP Chris Spice
Batting: SHB Eduardo Monzon 0-0: Called Strike
0-1: Ball
1-1: Swinging Strike
1-2: Ball
2-2: Foul Ball, location: 2F
2-2: Strikes out looking
Batting: LHB Adrian Cruz 0-0: Ball
1-0: SINGLE (Flyball, 78S, EV 90.0 MPH)
Pitching: LHP Ruben Nunez
Batting: RHB Brian Harris 0-0: Fly out, F8 (Flyball, 8LS, EV 86.9 MPH)
Batting: RHB Orlando Blanco 0-0: Ball
1-0: Ball
2-0: Ball
3-0: Called Strike
3-1: Called Strike
3-2: Base on Balls
Adrian Cruz to second
Pinch Runner at 2nd Tim Russell:
Batting: RHB Brian Marut 0-0: Swinging Strike
0-1: Foul Ball, location: 2F
0-2: Strikes out swinging
Top of the 6th over - 0 runs, 1 hit, 0 errors, 2 left on base; Great Falls 2 - Oakland (APP) 4
BOTTOM OF THE 6TH
Oakland (APP) Athletics batting - Pitching for Great Falls Voyagers : LHP Mark Boyd
Now in CF: Eric Perry
Batting: RHB Javier Garcia 0-0: Ball
1-0: Swinging Strike
1-1: Ball
2-1: SOLO HOME RUN (Flyball, 9LD, EV 108.8 MPH), Distance : 326 ft
Pitching: RHP Javon Walker
Batting: LHB Clyde Saxton 0-0: Ball
1-0: Swinging Strike
1-1: Swinging Strike
1-2: Foul Ball, location: 2F
1-2: Ball
2-2: Foul Ball, location: 2F
2-2: DOUBLE (Line Drive, 78M, EV 92.5 MPH)
Pitching: RHP Elias Rojas
Batting: RHB Omar Quintana 0-0: Ball
1-0: Called Strike
1-1: Ball
2-1: Called Strike
2-2: Ball
3-2: Fly out, F8 (Flyball, 8RM, EV 84.4 MPH)
Pitching: RHP Tom Phipps
Batting: LHB Robert Ibarra 0-0: Swinging Strike
0-1: Ball
1-1: Foul Ball, location: 2F
1-2: Ball
2-2: Strikes out swinging
Batting: LHB Harry Street 0-0: Called Strike
0-1: Called Strike
0-2: Ball
1-2: Foul Ball, location: 2F
1-2: 2-RUN HOME RUN (Flyball, 89XD, EV 105.6 MPH), Distance : 392 ft
Batting: LHB Koson Hirai 0-0: SOLO HOME RUN (Flyball, 9D, EV 100.0 MPH), Distance : 356 ft
Batting: LHB Dave Talbert 0-0: SOLO HOME RUN (Flyball, 89XD, EV 91.9 MPH), Distance : 388 ft
Batting: RHB Stu Rancourt 0-0: Swinging Strike
0-1: Swinging Strike
0-2: Ball
1-2: Ball
2-2: SINGLE (Groundball, 6MD, EV 95.0 MPH)
Batting: LHB Yoshinari Nara 0-0: Ball
Stu Rancourt is caught stealing 2nd base 2-6
Bottom of the 6th over - 5 runs, 6 hits, 0 errors, 0 left on base; Great Falls 2 - Oakland (APP) 9
TOP OF THE 7TH
Great Falls Voyagers batting - Pitching for Oakland (APP) Athletics : LHP Ruben Nunez
Batting: RHB C.J. Chandler 0-0: Ball
1-0: Ball
2-0: DOUBLE (Groundball, 5L, EV 104.4 MPH)
Batting: RHB Bobby Trosclair 0-0: Called Strike
0-1: Swinging Strike
0-2: Strikes out looking
Batting: RHB David Torres 0-0: Ball
1-0: Foul Ball, location: 2F
1-1: Swinging Strike
1-2: Strikes out swinging
Batting: LHB Luis Flores 0-0: Swinging Strike
0-1: Ball
1-1: Swinging Strike
1-2: Strikes out swinging
Top of the 7th over - 0 runs, 1 hit, 0 errors, 1 left on base; Great Falls 2 - Oakland (APP) 9
BOTTOM OF THE 7TH
Oakland (APP) Athletics batting - Pitching for Great Falls Voyagers : RHP Tom Phipps
Batting: LHB Yoshinari Nara 0-0: Swinging Strike
0-1: Ball
1-1: Foul Ball, location: 2F
1-2: Ball
2-2: Foul Ball, location: 2F
2-2: SOLO HOME RUN (Flyball, 78XD, EV 88.1 MPH), Distance : 406 ft
Pitching: LHP Mario Negrete
Batting: RHB Javier Garcia 0-0: Foul Ball, location: 2F
0-1: Ball
1-1: DOUBLE (Line Drive, 5D, EV 100.0 MPH)
Batting: LHB Clyde Saxton 0-0: Ball
1-0: Ball
2-0: Foul Ball, location: 2F
2-1: Foul Ball, location: 2F
2-2: Ground out 4-3 (Groundball, 4, EV 105.6 MPH)
Javier Garcia to third
Pitching: LHP Elijah Carter
Batting: RHB Omar Quintana 0-0: Called Strike
0-1: Foul Ball, location: 2F
0-2: Ball
1-2: Foul Ball, location: 2F
1-2: Fly out, F9 (Flyball, 9, EV 85.6 MPH)
Batting: LHB Robert Ibarra 0-0: Ball
1-0: Called Strike
1-1: Swinging Strike
1-2: Ball
2-2: Ball
3-2: Base on Balls
Batting: LHB Harry Street 0-0: Ball
1-0: Ball
2-0: Ball
3-0: Base on Balls
Robert Ibarra to second
Batting: LHB Koson Hirai 0-0: Called Strike
0-1: Ball
1-1: Ball
2-1: TRIPLE (Flyball, 8LXD, EV 101.9 MPH)
Javier Garcia scores
Robert Ibarra scores
Harry Street scores
Pitching: RHP Dustin Dulski
Pinch Hitting: RHB Gabe Robles 0-0: Swinging Strike
0-1: Swinging Strike
0-2: Ball
1-2: Ball
2-2: Ball
3-2: Strikes out swinging
Bottom of the 7th over - 4 runs, 3 hits, 0 errors, 1 left on base; Great Falls 2 - Oakland (APP) 13
TOP OF THE 8TH
Great Falls Voyagers batting - Pitching for Oakland (APP) Athletics : LHP Ruben Nunez
Now at 1B: Gabe Robles
Batting: SHB Eduardo Monzon 0-0: Called Strike
0-1: Foul Ball, location: 2F
0-2: Ball
1-2: Strikes out swinging
Batting: LHB Eric Perry 0-0: Foul Ball, location: 2F
0-1: SINGLE (Groundball, 34D, EV 105.0 MPH)
Batting: RHB Brian Harris 0-0: Fielders Choice at 2nd, 1-6 (Groundball, 13, EV 62.5 MPH)
Batting: RHB Orlando Blanco 0-0: Called Strike
0-1: Ball
1-1: Ball
2-1: Foul Ball, location: 2F
2-2: Strikes out swinging
Top of the 8th over - 0 runs, 1 hit, 0 errors, 1 left on base; Great Falls 2 - Oakland (APP) 13
BOTTOM OF THE 8TH
Oakland (APP) Athletics batting - Pitching for Great Falls Voyagers : RHP Dustin Dulski
Batting: RHB Stu Rancourt 0-0: Ball
1-0: Ball
2-0: Ball
3-0: Base on Balls
Batting: LHB Yoshinari Nara 0-0: Foul Ball, location: 2F
0-1: Ball
1-1: Fly out, F4 (Popup, 4, EV 60.6 MPH)
Batting: RHB Javier Garcia 0-0: Ball
1-0: Foul Ball, location: 2F
1-1: Foul Ball, location: 2F
1-2: Ball
2-2: Foul Ball, location: 2F
2-2: Foul Ball, location: 2F
2-2: SINGLE (Flyball, 9S, EV 81.9 MPH)
Stu Rancourt to second
Batting: LHB Clyde Saxton 0-0: Ball
1-0: Ball
2-0: Ball
3-0: Base on Balls
Stu Rancourt to third
Javier Garcia to second
Batting: RHB Omar Quintana 0-0: Ball
1-0: Ground out 5-3 (Groundball, 56S, EV 68.8 MPH)
Stu Rancourt scores
Javier Garcia to third
Clyde Saxton to second
Batting: LHB Robert Ibarra 0-0: Ball
1-0: Ball
2-0: Called Strike
2-1: Swinging Strike
2-2: Strikes out swinging
Bottom of the 8th over - 1 run, 1 hit, 0 errors, 2 left on base; Great Falls 2 - Oakland (APP) 14
TOP OF THE 9TH
Great Falls Voyagers batting - Pitching for Oakland (APP) Athletics : LHP Ruben Nunez
Batting: RHB Brian Marut 0-0: Called Strike
0-1: Foul Ball, location: 2F
0-2: Strikes out swinging
Batting: RHB C.J. Chandler 0-0: Ball
1-0: Called Strike
1-1: Called Strike
1-2: Ground out 1-3 (Groundball, 15S, EV 73.1 MPH)
Batting: RHB Bobby Trosclair 0-0: Ball
1-0: Ground out 4-3 (Groundball, 34, EV 105.6 MPH)
Top of the 9th over - 0 runs, 0 hits, 0 errors, 0 left on base; Great Falls 2 - Oakland (APP) 14
Sunday, July 16th , 2023 - OOTP Baseball 24.6 Build 69